cohdb
Replays
Latest Replays
All Replays
Popular Replays
Top Player Replays
Match Explorer
How It Works
Community
CoH3 Stats
Reddit
Sign in to upload your games and track your stats! →
Sign in with Steam
Match 44368429
Unlisted
Match 44368429
Overview
Messages
Build Orders
End
Construct Infanterie Kompanie
Selects Breakthrough Battlegroup
Grenadier Squad
Grenadier Squad
Grenadier Squad
Infanterie Officer Quarters
Grenadier Squad
Selects Assault Grenadiers
Selects 2.5-tonne Cargo Truck
2.5-tonne Cargo Truck
2.5-tonne Cargo Truck
Construct Panzergrenadier Kompanie
GrW 34 Mortar Team
Pak 40 Anti-tank Gun Team
Construct Panzer Kompanie
Grenadier Squad
Grenadier Squad
Panzer IV Medium Tank
MG 42 Machine Gun Team
Panzer IV Medium Tank
thidea2
hirohirofvvv
matjouz
Sarmynation
0
0
Comments
sign in to comment!
No comments posted yet!